 Seeded DCSS version 0.31-a0-219-g8d62b2e7bb (webtiles) character file.

Game seed: 13275427502194390118 (custom seed)

111 rocky1 the Slasher (level 4, -1/34 HPs)
             Began as a Merfolk Gladiator on July 4, 2023.
             Slain by a jackal (3 damage)
             ... on level 2 of the Dungeon.
             The game lasted 00:02:21 (1621 turns).

rocky1 the Slasher (Merfolk Gladiator)              Turns: 1621, Time: 00:02:22

Health: -1/34      AC:  3    Str: 20    XL:     4   Next: 92%
Magic:  6/6        EV: 14    Int:  9    God:
Gold:   20         SH:  0    Dex: 15    Spells: 5/5 levels left

rFire   + . .        a - +0 long sword
rCold   + . .        (no shield)
rNeg    . . .        e - +0 robe {rC+ rF+}
rPois   .            c - +0 helmet
rElec   .            (no cloak)
rCorr   .            (no gloves)
SInv    .            (no boots)
Will    .....        (no amulet)
Stlth   ++           f - +6 ring of strength
HPRegen 0.25/turn    (no ring)
MPRegen 0.10/turn

%: no passive effects
@: no status effects
A: (nimble swimmer 2), mertail
a: no special abilities


You were on level 2 of the Dungeon.
You visited 1 branch of the dungeon, and saw 2 of its levels.

You collected 20 gold pieces.

Inventory:

Hand Weapons
 a - a +0 long sword (weapon)
Missiles
 d - 3 throwing nets (quivered)
 j - 3 boomerangs
 l - 5 javelins
 m - 6 poisoned darts
Armour
 b - a +0 leather armour
 c - a +0 helmet (worn)
 e - a +0 robe of resistance (worn)
Jewellery
 f - a +6 ring of strength (left hand)
Scrolls
 g - a scroll of teleportation {unknown}
 h - a scroll of silence {unknown}
 i - a scroll of summoning {unknown}
 k - a scroll of fear {unknown}
 n - a scroll of fog {unknown}


   Skills:
 + Level 2.6 Fighting
 + Level 4.8 Long Blades
 - Level 2.0 Throwing
 + Level 1.0 Armour
 + Level 4.7 Dodging
 + Level 0.8 Stealth
 * Level 1.4 Spellcasting


You had 5 spell levels left.
You didn't know any spells.
Your spell library contained the following spells:

 Spells                   Type           Power      Damage    Failure   Level
 Ozocubu's Armour         Ice            0%         N/A       71%         3
 Metabolic Englaciation   Hex/Ice        0%         N/A       100%        5
 Simulacrum               Ice/Necr       0%         N/A       100%        6


Dungeon Overview and Level Annotations

Branches:
Dungeon (2/15)

Altars:
The Shining One

Shops:
D:1 :==[


Innate Abilities, Weirdness & Mutations

((You are very nimble when in or above water. (Stealth+, EV+, Speed+++)))
Your lower body shifts to a powerful aquatic tail in water.


Message History

You miss the adder.
The adder is almost dead.
You feel sick.
The jackal barely misses you. x2; The jackal bites you.
The adder bites you.
You are more poisoned.
The adder poisons you! The jackal completely misses you.
You are too injured to fight recklessly!
You are too injured to fight recklessly!
You closely miss the adder.
The adder is almost dead.
You feel sick. The jackal bites you. The adder barely misses you.
The jackal completely misses you. The jackal closely misses you.
The adder bites you but does no damage.
You slash the adder!
You kill the adder!
You feel sick. The jackal closely misses you. The jackal barely misses you.
The jackal misses you. The jackal closely misses you.
You hit the jackal.
The jackal is heavily wounded.
You feel sick. The jackal bites you.
* * * LOW HITPOINT WARNING * * *
The jackal completely misses you. The jackal barely misses you.
You closely miss the jackal.
The jackal is heavily wounded.
You feel sick.
The jackal bites you but does no damage.
The jackal misses you. The jackal bites you.
* * * LOW HITPOINT WARNING * * *
You aren't carrying any potions.
You hit the jackal.
The jackal is almost dead.
You feel sick. The jackal closely misses you. The jackal bites you.
* * * LOW HITPOINT WARNING * * *
The jackal completely misses you.
You completely miss the jackal.
The jackal is almost dead.
You feel sick.
You are no longer poisoned.
The jackal barely misses you. The jackal bites you.
You die...

##### #######
.....##.....##
.............##
.......$......#
..............#
......h.......#
......h@......#
..._..........#
..............#
.............##
.............#
....#..#รท.##....#
######.##.# ###.#
#..#.# . ###
#..#.#######


You could see 2 jackals.

Vanquished Creatures
  Jessica (D:2)
  Natasha (twice) (D:2)
  An adder (D:2)
  A worm (D:2)
  A dart slug (D:2)
  4 bats
  2 giant cockroaches
  2 goblins (D:1)
  4 kobolds
  2 quokkas
  A ball python (D:1)
  A frilled lizard (D:1)
  2 rats
24 creatures vanquished.

Notes
Turn   | Place    | Note
-------+----------+-------------------------------------------
     0 | D:1      | rocky1 the Merfolk Gladiator began the quest for the Orb.
     0 | D:1      | Reached XP level 1. HP: 16/16 MP: 1/1
    11 | D:1      | Found Onlezats's Jewellery Emporium.
   266 | D:1      | Found Zyuqykanwy's Book Shop.
   416 | D:1      | Reached XP level 2. HP: 19/22 MP: 2/2
   426 | D:1      | Found Obocek's Jewellery Boutique.
   459 | D:1      | Found Saufiugh's Armour Emporium.
   603 | D:2      | Noticed Jessica
   880 | D:2      | Killed Jessica
   881 | D:2      | Reached skill level 1 in Spellcasting
   881 | D:2      | Reached XP level 3. HP: 10/28 MP: 2/4
  1221 | D:2      | Noticed Natasha
  1229 | D:2      | Killed Natasha
  1230 | D:2      | Reached XP level 4. HP: 18/34 MP: 5/5
  1385 | D:2      | Noticed Natasha
  1389 | D:2      | Found a glowing golden altar of the Shining One.
  1396 | D:2      | Killed Natasha
  1397 | D:2      | Reached skill level 1 in Armour
  1621 | D:2      | Slain by a jackal

Illustrated notes

Levels and vault maps discovered:
D:1:      erik_arrival_blinker_ship, layout_loops_ring, serial_shops, shop,
          shop, shop, nicolae_shop_rolling_square
D:2:      layout_rooms, ebering_ecumenical_altar_hall, basic_altar,
          uniq_natasha, uniq_jessica

Skill      XL: |  1  2  3  4 |
---------------+-------------+-----
Long Blades    | 4 |  4.8
Spellcasting   | 1 |  1.4
Armour         | 1 |  1.0
Fighting       | |  2.6
Throwing       | |  2.0
Dodging        | |  4.7
Stealth        | |  0.8

Action                     |  1- 3 |  4- 6 || total
---------------------------+-------+-------++-------
  Melee: Long sword        |    55 |    39 ||    94
  Throw: Javelin           |     5 |       ||     5
         Throwing net      |     1 |       ||     1
   Stab: Sleeping          |     1 |       ||     1
 Armour: Leather armour    |    15 |       ||    15
         Robe              |     1 |     6 ||     7
  Dodge: Dodged            |    39 |    44 ||    83

Table legend: (Time is in decaauts)
 A = Elapsed time spent in this place.
 B = Non-inter-level travel time spent in this place.
 C = Inter-level travel time spent in this place.
 D = Time resting spent in this place.
 E = Time spent auto-exploring this place.
 F = Levels seen in this place.
 G = Mean time per level.
                   A        B        C        D        E       F      G
               +--------+--------+--------+--------+--------+-----+--------+
         Total |   1651 |   1644 |      7 |    831 |    552 |   2 |  825.5 |
       Dungeon |   1651 |   1644 |      7 |    831 |    552 |   2 |  825.5 |
               +--------+--------+--------+--------+--------+-----+--------+

Top non-repeatable levels by time:
     D:1: 872 daAuts
     D:2: 779 daAuts
